 Dungeon Crawl Stone Soup version 0.22-a0-283-g1871b15 (webtiles) character file.

2674 Amnesiac the Thaumaturge (level 9, -25/55 (56) HPs)
             Began as a Deep Elf Wizard on Mar 19, 2018.
             Killed from afar by Slobodan's ghost (38 damage)
             ... with a shard of ice
             ... on level 7 of the Dungeon.
             The game lasted 00:13:48 (9869 turns).

Amnesiac the Thaumaturge (Deep Elf Wizard)          Turns: 9869, Time: 00:13:49

HP:   -25/55 (56)   AC:  5    Str:  4    XL:     9   Next: 37%
MP:   24/27         EV: 15    Int: 27    God:
Gold: 317           SH:  0    Dex: 13    Spells: 21/32 levels left

rFire    . . .     SeeInvis .   g - +3 spear
rCold    . . .     Gourm    .   (no shield)
rNeg     + . .     Faith    .   a - +0 robe
rPois    .         Spirit   .   b - +0 hat
rElec    .         Reflect  .   (no cloak)
rCorr    .         Harm     .   f - +2 pair of gloves
MR       .....                  (no boots)
Stlth    ++........             (no amulet)
HPRegen  0.18/turn              n - ring of positive energy
MPRegen  0.20/turn              (no ring)

@: no status effects
A: no striking features
a: no special abilities


You were on level 7 of the Dungeon.
You were not hungry.

You visited 2 branches of the dungeon, and saw 8 of its levels.
You also visited: Sewer.

You collected 317 gold pieces.

Inventory:

Hand Weapons
 g - a +3 spear (weapon)
 r - a +2 short sword of distortion
Armour
 a - a +0 robe (worn)
 b - a +0 hat (worn)
 f - a +2 pair of gloves (worn)
Jewellery
 n - a ring of positive energy (left hand)
Wands
 y - a wand of enslavement (12)
Scrolls
 c - 2 scrolls of identify {!r, unknown}
 e - 8 scrolls of remove curse {!r, unknown}
 i - 7 scrolls of teleportation {!r, unknown}
 j - a scroll of enchant weapon {!r, unknown}
 k - 2 scrolls of amnesia {!r, unknown}
 l - 2 scrolls of enchant armour {!r, unknown}
 s - a scroll of fog {!r, unknown}
 t - a scroll of blinking {!r, unknown}
 u - a scroll of summoning {!r, unknown}
 w - 5 scrolls of fear {!r, unknown}
 A - a scroll of holy word {!r, unknown}
Potions
 h - 5 potions of brilliance {!q, unknown}
 m - a potion of ambrosia {!q}
 o - a potion of agility {!q}
 p - 2 potions of resistance {!q, unknown}
 q - 3 potions of flight {!q, unknown}
 v - a potion of lignification {!q, unknown}
 x - 2 potions of haste {!q, unknown}
 z - a potion of might {!q, unknown}
Comestibles
 d - 17 rations


   Skills:
 * Level 6.4 Fighting
 + Level 6.4 Dodging
 - Level 2.4 Stealth
 * Level 12.0 Spellcasting
 - Level 1.1 Conjurations
 - Level 1.1 Summonings
 - Level 1.1 Translocations


You had 21 spell levels left.
You knew the following spells:

 Your Spells              Type           Power        Failure   Level  Hunger
a - Magic Dart            Conj           ###.         2%          1    None
b - Call Imp              Summ           ###.....     3%          2    None
e - Mephitic Cloud        Conj/Pois/Air  ###.....     9%          3    None
s - Conjure Flame         Conj/Fire      ###.....     9%          3    None
v - Blink                 Tloc           N/A          3%          2    None


Dungeon Overview and Level Annotations

Branches:
Dungeon (7/15)             Temple (1/1) D:4

Altars:
Ashenzari
Cheibriados
Dithmenos
Elyvilon
Fedhas
Gozag
Hepliaklqana
Kikubaaqudgha
Makhleb
Nemelex Xobeh
Okawaru
Qazlal
Ru
Trog
Uskayaw
Vehumet
Wu Jian
Xom
Yredelemnul
Zin
The Shining One

Annotations:
D:7 Slobodan's ghost, novice HuIE


Message History

HP restored.
You start resting.
Magic restored.
Things that are here:
a leather armour; a dagger All of the chunks of flesh in your inventory have rotted away.
Found a stone staircase leading down.
Found a stone staircase leading up.
There is a stone staircase leading down here.
A - a scroll labeled GOUDABBOIPOE {!r} A scorpion comes into view.
A scorpion is nearby!
A scorpion is nearby!
Casting: Magic Dart (safe; 2% risk of failure)
Confirm with . or Enter, or press ? or * to list all spells.
Aiming: Magic Dart (safe; 2% risk of failure)
Press: ? - help, Shift-Dir - straight line, f - scorpion
Aim: a scorpion (hasn't noticed you)
The magic dart hits the scorpion.
The scorpion is heavily wounded.
Casting: Magic Dart (safe; 2% risk of failure)
Confirm with . or Enter, or press ? or * to list all spells.
Aiming: Magic Dart (safe; 2% risk of failure)
Press: ? - help, Shift-Dir - straight line, f/p - scorpion
Aim: a scorpion (heavily wounded)
The magic dart hits the scorpion.
The scorpion is almost dead.
Casting: Magic Dart (safe; 2% risk of failure)
Confirm with . or Enter, or press ? or * to list all spells.
Aiming: Magic Dart (safe; 2% risk of failure)
Press: ? - help, Shift-Dir - straight line, f/p - scorpion
Aim: a scorpion (almost dead)
The magic dart hits the scorpion.
You kill the scorpion!
Casting: Magic Dart (safe; 2% risk of failure)
Confirm with . or Enter, or press ? or * to list all spells.
You can't see any susceptible monsters within range! (Use Z to cast anyway.)
Casting: Magic Dart (safe; 2% risk of failure)
Confirm with . or Enter, or press ? or * to list all spells.
You can't see any susceptible monsters within range! (Use Z to cast anyway.)
Casting: Magic Dart (safe; 2% risk of failure)
Confirm with . or Enter, or press ? or * to list all spells.
You can't see any susceptible monsters within range! (Use Z to cast anyway.)
There is a stone staircase leading up here.
Slobodan's ghost (novice Human Ice Elementalist) comes into view.
It is wielding a weapon of venom.
Casting: Magic Dart (safe; 2% risk of failure)
Confirm with . or Enter, or press ? or * to list all spells.
Aiming: Conjure Flame (safe; 9% risk of failure)
Press: ? - help, Dir - move target cursor Out of range.
Okay, then.
Casting: Conjure Flame (safe; 9% risk of failure)
Confirm with . or Enter, or press ? or * to list all spells.
Aiming: Conjure Flame (safe; 9% risk of failure)
Press: ? - help, Dir - move target cursor The fire ignites!
Slobodan's ghost turns its malevolent gaze towards you.
Slobodan's ghost points at you and mumbles some strange words.
The shard of ice hits you!
Ouch! That really hurt!
* * * LOW HITPOINT WARNING * * *
Slobodan's ghost casts a spell at you. The shard of ice hits you!
Ouch! That really hurt!
You die...

#.###..##.## #..
#.###..##..###.#
#.#...##........
#...#..#.#.###.#
##<####...#...#.#
#..###.....##.#.#
#......###.##....
##...#### #.##...#
#@...# #..#.###
#.#..# #..#.# #
#....# ####...###
#...#..# #.........
#.#ยง##.##..###..#.#
#.#W# .##. #..#..
#.#.. .. #...##
#.... ## #..#.#
..#.#. #.##.#


You could see Slobodan's ghost.

Vanquished Creatures
  Menkaure (D:4)
  2 ice beasts
  A black bear (D:6)
  An ogre (D:4)
  2 necrophages (D:6)
  2 phantoms
  2 big kobolds
  A bullfrog (D:7)
  A gnoll sergeant (D:3)
  2 scorpions
  2 killer bees (D:7)
  4 crimson imps
  3 hounds
  A gnoll shaman (D:3)
  A jelly (D:7)
  An iguana (D:4)
  5 worker ants
  An orc wizard (D:7)
  51 gnolls
  A river rat (D:6)
  7 adders
  5 oozes
  2 adder skeletons (D:4)
  3 worms
  6 leopard geckos
  5 orcs
  7 giant cockroaches
  8 goblins
  2 hobgoblins
  25 jackals
  3 quokkas
  3 ball pythons
  4 bats (D:1)
  5 frilled lizards
  A giant cockroach zombie (D:5)
  11 kobolds
  2 leopard gecko skeletons (D:6)
  A leopard gecko zombie (D:5)
  A quokka skeleton (D:7)
  10 rats
196 creatures vanquished.

Vanquished Creatures (collateral kills)
  An acid dragon (D:7)
  2 ogres
  2 killer bees (D:7)
  2 howler monkeys (D:7)
  A crimson imp (D:4)
  A gnoll (D:3)
  A river rat (D:6)
  A bat (D:3)
  A hobgoblin (D:1)
12 creatures vanquished.

Grand Total: 208 creatures vanquished

Notes
Turn   | Place    | Note
-------+----------+-------------------------------------------
     0 | D:1      | Amnesiac the Deep Elf Wizard began the quest for the Orb.
     0 | D:1      | Reached XP level 1. HP: 10/10 MP: 7/7
   405 | D:1      | Reached skill level 5 in Spellcasting
   428 | D:1      | Reached XP level 2. HP: 15/15 MP: 5/10
   432 | D:1      | Learned a level 2 spell: Blink
   435 | D:1      | Learned a level 2 spell: Call Imp
  1040 | D:1      | You fall through a shaft!
  1082 | D:2      | Reached XP level 3. HP: 19/19 MP: 6/12
  1091 | D:2      | Learned a level 3 spell: Conjure Flame
  1095 | D:2      | Learned a level 3 spell: Mephitic Cloud
  1153 | D:2      | Reached skill level 6 in Spellcasting
  2010 | D:2      | Reached XP level 4. HP: 24/24 MP: 8/14
  2259 | D:2      | Reached skill level 7 in Spellcasting
  2673 | D:3      | Reached skill level 1 in Fighting
  2766 | D:3      | Found a shattered altar of Ashenzari.
  3159 | D:3      | Noticed a gnoll sergeant
  3178 | D:3      | Reached XP level 5. HP: 29/29 MP: 8/16
  3188 | D:3      | Reached skill level 8 in Spellcasting
  3222 | D:3      | Reached XP level 6. HP: 36/36 MP: 2/19
  3965 | D:3      | Reached XP level 7. HP: 41/41 MP: 15/21
  4063 | D:3      | Reached skill level 9 in Spellcasting
  5414 | D:4      | Noticed Menkaure
  5425 | D:4      | Killed Menkaure
  5708 | D:4      | Found a staircase to the Ecumenical Temple.
  5774 | Temple   | Entered the Ecumenical Temple
  5999 | D:5      | Entered Level 5 of the Dungeon
  6271 | D:5      | Reached XP level 8. HP: 48/48 MP: 12/23
  6442 | D:5      | Reached skill level 10 in Spellcasting
  6625 | D:5      | Found a basalt altar of Yredelemnul.
  6629 | D:5      | Found a sacrificial altar of Ru.
  6632 | D:5      | Found a shimmering altar of Xom.
  6635 | D:5      | Found an iron altar of Okawaru.
  7018 | D:5      | Found an iron altar of Okawaru.
  7430 | D:6      | Reached skill level 5 in Fighting
  7452 | D:6      | Reached skill level 5 in Dodging
  7580 | D:6      | Found a glowing drain.
  7669 | Sewer    | Entered a sewer
  8116 | D:6      | Reached skill level 11 in Spellcasting
  9202 | D:6      | Reached XP level 9. HP: 41/54 MP: 19/26
  9680 | D:7      | Reached skill level 12 in Spellcasting
  9865 | D:7      | Noticed Slobodan's ghost (novice HuIE)
  9869 | D:7      | Killed from afar by Slobodan's ghost

Vault maps used:
D:1:      mrwooster_arrival_arrow
D:3:      lemuel_castle_with_subvaults, cheibrodos_ashenzari_chains, hex_large
D:4:      minmay_temple_entry_fiery, first_ration, uniq_menkaure
D:5:      grunt_temple_overflow_cloverleaf, okawaru_ov_weapons_minmay
D:6:      portal_sewer_entry_e, minivault_22
D:7:      lemuel_blue_sif_altar
Temple:   regret_index_temple_sphere_string
Sewer:    sewer_co_15_rooms

Skill      XL: |  1  2  3  4  5  6  7  8  9 |
---------------+----------------------------+-----
Spellcasting   | 5 6 7 8 9 11 12 | 12.0
Fighting       | 1 2 3 4 5 6 |  6.4
Dodging        | 3 4 5 6 |  6.4
Stealth        | |  2.4
Conjurations   | |  1.1
Summonings     | |  1.1
Translocations | |  1.1

Action                   |  1- 3 |  4- 6 |  7- 9 || total
-------------------------+-------+-------+-------++-------
Melee: Mace              |    29 |    15 |    31 ||    75
       Unarmed           |     6 |       |       ||     6
       Spear             |       |       |    56 ||    56
       Quarterstaff      |       |       |    48 ||    48
Throw: Throwing net      |       |     1 |       ||     1
 Cast: Magic Dart        |   106 |    76 |   522 ||   704
       Call Imp          |     1 |     4 |    16 ||    21
       Mephitic Cloud    |       |    27 |     9 ||    36
       Blink             |       |     5 |     5 ||    10
       Conjure Flame     |       |       |     9 ||     9
Evoke: Wand              |       |       |     2 ||     2
  Use: Potion            |       |     1 |     1 ||     2
 Stab: Sleeping          |     1 |       |       ||     1
       Held in net/web   |       |     1 |       ||     1
       Confused          |       |       |     2 ||     2
  Eat: Chunk             |     3 |     6 |    15 ||    24
       Ration            |       |       |     1 ||     1
Armor: Robe              |    18 |    15 |    51 ||    84
Dodge: Dodged            |    56 |    51 |   229 ||   336

Table legend:
 A = Spawn XP
 B = Non-spawn XP
 C = Spawn XP percentage of total XP
 D = Spawn monster count
 E = Non-spawn monster count
 F = Spawn count percentage of total count
 G = Total turns spent on level
                    A         B        C        D         E        F      G
               +---------+---------+-------+---------+---------+-------+---------
         Total |       0 |    3820 |   0.0 |       0 |     208 |   0.0 |  9869
               +---------+---------+-------+---------+---------+-------+---------
           D:1 |       0 |      37 |   0.0 |       0 |      23 |   0.0 |  1040
           D:2 |       0 |      88 |   0.0 |       0 |      21 |   0.0 |  1265
           D:3 |       0 |     774 |   0.0 |       0 |      65 |   0.0 |  2536
           D:4 |       0 |     491 |   0.0 |       0 |      19 |   0.0 |  1084
           D:5 |       0 |     436 |   0.0 |       0 |      13 |   0.0 |  1206
           D:6 |       0 |     905 |   0.0 |       0 |      26 |   0.0 |  1504
           D:7 |       0 |     947 |   0.0 |       0 |      27 |   0.0 |   641
         Sewer |       0 |     142 |   0.0 |       0 |      14 |   0.0 |   389
               +---------+---------+-------+---------+---------+-------+---------
